Unix NetHack Version 5.0.0-0 post-release - last build May 31 2026 23:59:36 (970b52f25bf058293b47ddfd14a1e40e571c508c,branch:main).

Game began 2026-06-01 16:39:28, ended 2026-06-06 12:22:58.

Galadhan1, chaotic male elven Wizard

                      ----
                    #....
                 ##@a
                 #
              ####
              #
              #
            ###
 ---------  #
 |.......|  #
 |......*[####
 |.......|
 |......[.####
 |.......|
 |)..<...|
 ---------

Galadhan1 the Thaumaturge  St:12 Dx:11 Co:13 In:20 Wi:10 Ch:10  Chaotic
Dlvl:8  $:104 HP:0(47) Pw:3(61) AC:8  Xp:6 T:3120  Burdened

Latest messages:
 Never mind.
 In what direction? h
 The spell hits the grid bug!
 You kill the grid bug!
 There is a partly eaten yeti corpse here; eat it? [ynq] (n) y
 You consume the last bite of your meal.
 You finish eating the yeti corpse.
 You hear the chime of a cash register.
 You are in full health.
 You see here an acid blob corpse.
 You see here a gnomish wizard corpse.
 You see here a thonged club.
 In what direction? l
 The spell hits the floating eye!
 In what direction? l
 What do you want to zap? [cBKL or ?*] *
 Nothing happens.
 What do you want to zap? [cBKL or ?*] *
 Nothing happens.
 You hear a door open.
 You see here an acid blob corpse.
 The gnome picks up a thonged club.
 The gnome wields a thonged club!
 The gnome secures the tether on the thonged club.
 In what direction? h
 The spell hits the floating eye!
 You kill the floating eye!
 The gnome wields a broad short sword!
 You kill the gnome!
 There are several objects here.
 There is a floating eye corpse here; eat it? [ynq] (n) y
 This floating eye corpse tastes terrible!
 You hear the splashing of a naiad.
 You finish eating the floating eye corpse.
 You feel a strange mental acuity.
 You see here 2 rocks.
 You hear a door open.
 The giant beetle bites!
 In what direction? l
 The spell hits the giant beetle!
 The giant beetle bites!
 The giant beetle bites!
 You miss the giant beetle.
 The giant beetle bites!
 You die...
 Do you want your possessions identified? [ynq] (y) y
 Do you want to see your attributes? [ynq] (y) y
 Do you want an account of creatures vanquished? [ynaq] (y) n
 Do you want to see your conduct and achievements? [ynq] (y) y
 Do you want to see the dungeon overview? [ynq] (y) y

Inventory:
 Coins    ('$')
  $ - 104 gold pieces
 Weapons  (')')
  H - a +0 arrow
  a - a blessed +1 quarterstaff (weapon in hands)
 Armor    ('[')
  M - an uncursed +0 dwarvish iron helm
  G - an uncursed +0 pair of elven boots (being worn)
  b - an uncursed +0 cloak of magic resistance (being worn)
 Comestibles  ('%')
  F - 2 uncursed cram rations
 Scrolls  ('?')
  k - an uncursed scroll of enchant weapon
  i - an uncursed scroll of light
  y - a cursed scroll of light
 Spellbooks  ('+')
  p - an uncursed spellbook of cause fear
  t - a blessed spellbook of cure sickness
  l - a blessed spellbook of force bolt
  A - an uncursed spellbook of remove curse
  r - an uncursed spellbook of sleep
 Potions  ('!')
  w - a blessed potion of gain energy
  x - 2 uncursed potions of healing
  f - an uncursed potion of oil
  z - an uncursed potion of polymorph
  u - a potion of holy water
  h - an uncursed potion of water
 Rings    ('=')
  d - an uncursed ring of fire resistance (on right hand)
  e - an uncursed ring of free action (on left hand)
 Wands    ('/')
  c - a wand of light (0:15)
  K - a wand of magic missile (0:0)
  B - a wand of sleep (0:1)
  L - a wand of striking (0:0)
 Tools    ('(')
  o - an uncursed bugle
  n - a magic marker (0:20)
  q - a +0 pick-axe
 Gems/Stones  ('*')
  C - an uncursed jade stone
  J - an uncursed worthless piece of violet glass
  I - an uncursed worthless piece of white glass
  v - 2 uncursed worthless pieces of yellow glass
  s - an uncursed worthless piece of yellowish brown glass

Galadhan1 the Wizard's attributes:

Background:
 You were a Thaumaturge, a level 6 male elven Wizard.
 You were chaotic, on a mission for Anhur
 who was opposed by Ptah (lawful) and Thoth (neutral).
 You were right-handed.
 You were in the Gnomish Mines, on level 8.
 You entered the dungeon 3120 turns ago.
 You had 524 experience points, 116 more were needed to attain level 7.

Basics:
 You had 0 out of 47 hit points.
 You had 3 out of 61 energy points (spell power).
 Your armor class was 8.
 Your wallet contained 104 zorkmids.
 Autopickup was off.

Final Characteristics:
 Your strength was 12 (limit:18).
 Your dexterity was 11 (limit:18).
 Your constitution was 13 (limit:16).
 Your intelligence was 20 (limit:20).
 Your wisdom was 10 (limit:20).
 Your charisma was 10 (limit:18).

Final Status:
 You weren't hungry.
 You were burdened; movement was slightly slowed.
 You were wielding a quarterstaff.
 You had basic skill with quarterstaff.

Final Attributes:
 You were piously aligned.
 You were magic-protected.
 You were fire resistant.
 Your items were protected from fire.
 You were sleep resistant.
 You were telepathic.
 You had infravision.
 You were stealthy.
 You were warded.
 You had free action.
 You are dead.

Miscellaneous:
 You didn't encounter any bones levels.
 Total elapsed playing time was 1 hour, 37 minutes and 14 seconds.

Major events:
 Turn
    1: Galadhan1 the chaotic male elven Wizard entered the dungeon
 1403: attained the rank of Conjurer (level 3)
 2098: entered the Gnomish Mines
 2621: attained the rank of Thaumaturge (level 6)
 3120: killed by a giant beetle

Spells:
 Name                 Level Category     Fail Retention
 force bolt             1   attack         0%   81%-90%
 confuse monster        1   enchantment    0%   81%-90%
 jumping                1   escape         0%  76%-100%
 cure sickness          3   healing       54%  76%-100%
 cure blindness         2   healing       15%  76%-100%

Skills:
 Fighting Skills
   bare handed combat [Unskilled]
   riding             [Unskilled]
 Weapon Skills
   dagger             [Unskilled]
   knife              [Unskilled]
   axe                [Unskilled]
   short sword        [Unskilled]
   club               [Unskilled]
   mace               [Unskilled]
   quarterstaff       [Basic]
   polearms           [Unskilled]
   spear              [Unskilled]
   trident            [Unskilled]
   sling              [Unskilled]
   dart               [Unskilled]
   shuriken           [Unskilled]
 Spellcasting Skills
   attack spells      [Basic]
   healing spells     [Unskilled]
   divination spells  [Unskilled]
   enchantment spells [Basic]
   clerical spells    [Unskilled]
   escape spells      [Unskilled]
   matter spells      [Unskilled]

Voluntary challenges:
 Character rerolling was not enabled.
 You never genocided any monsters.
 You never polymorphed an object.
 You never changed form.
 You used no wishes.
Achievements:
 You entered a shop.
 You attained the rank of Conjurer.
 You entered the Gnomish Mines.
 You attained the rank of Thaumaturge.

 The Dungeons of Doom: levels 1 to 4
    Level 1:
    Level 2:
       Some fountains.
    Level 3:
       A general store, a fountain, a sink.
    Level 4:
       An armor shop, a fountain.
       Stairs down to The Gnomish Mines.
 The Gnomish Mines: levels 5 to 8
    Level 5:
    Level 6:
    Level 7:
    Level 8: <- You were here.
       Final resting place for
          you, killed by a giant beetle.


Vanquished creatures:
  a large mimic
  a small mimic
  a yeti
  a shrieker
  3 gnome leaders
  2 gnomish wizards
  2 floating eyes
  2 kittens
  4 dwarves
  a homunculus
  2 rothes
 an acid blob
  a gas spore
  3 hobbits
  2 cave spiders
  a red mold
 19 gnomes
  a gnome zombie
  5 geckos
 10 jackals
  2 foxes
  a kobold
  a goblin
  2 sewer rats
  6 grid bugs
  a bat
  4 lichens
  2 kobold zombies
  5 newts
87 creatures vanquished.

No species were genocided or became extinct.

Game over:
                       ----------
                      /          \
                     /    REST    \
                    /      IN      \
                   /     PEACE      \
                  /                  \
                  |    Galadhan1     |
                  |      104 Au      |
                  |   killed by a    |
                  |   giant beetle   |
                  |                  |
                  |                  |
                  |       2026       |
                 *|     *  *  *      | *
        _________)/\\_//(\/(/\)/\//\/|_)_______

Goodbye Galadhan1 the Wizard...

You died in The Gnomish Mines on dungeon level 8 with 2550 points,
and 104 pieces of gold, after 3120 moves.
You were level 6 with a maximum of 47 hit points when you died.

